Map: Dead of Night

Players

NamroodTuo

  • Race: Zerg Zerg

wasp

  • Race: Protoss Protoss
  • Spawn Location: 0:00

VOD

Have the link to the VOD?

Description

Time

  • Played on: May 30, 2023, 4:21 a.m.
  • Length: 33:25
Show
View Real Time Build Order
Export as new Build Order

NamroodTuo Zerg 

Build Orders:  

Get SALT Encoding   

  12  0:23  Infested Barracks  
  12  0:31  Infested SCV  
  12  0:33  Infested SCV  
  12  0:39  Infested SCV  
  15  0:56  Overlord  
  15  1:22  Infested SCV  
  15  1:25  Infestation Level 1  
  15  1:26  Infested SCV  
  17  1:37  Infested SCV  
  17  1:39  Infested SCV  
  19  1:44  Infested SCV  
  20  2:03  Overlord  
  20  2:10  Infested SCV  
  21  2:25  Overlord  
  21  2:42  Infested Bunker  
  21  2:46  Infested SCV  
  26  2:58  Infested SCV  
  27  3:07  Infested Engineering Bay  
  27  3:13  Infested SCV  
  27  3:19  Infested Refinery  
  28  3:35  Infested SCV  
  33  3:55  Infested Bunker  
  33  3:57  Infested SCV  
  34  4:13  Infested SCV  
  34  4:18  Infested SCV  
  36  4:32  Infested Refinery  
  36  4:43  Overlord  
  36  4:50  Infested SCV  
  37  5:08  Infested SCV  
  38  5:17  Infestation Level 2  
  38  5:24  Infested SCV  
  39  5:38  Infested SCV  
  40  5:44  Infested Barracks Tech Lab  
  40  5:57  Infested SCV  
  41  6:17  Infested Missile Turret  
  41  6:21  Retinal Augmentation  
  41  6:27  Infested SCV  
  41  6:28  Infested SCV  
  43  6:34  Infested Refinery  
  43  6:40  Unknown  
  43  6:41  Infested SCV  
  44  6:58  Infested SCV  
  45  7:14  Overlord  
  45  7:17  Anaerobic Enhancement  
  45  7:32  Plagued Munitions  
  45  7:38  Infested SCV  
  46  7:44  Infested Bunker  
  46  7:49  Infested Marine  
  51  7:50  Infested Marine x4  
  51  7:54  Overlord  
  55  8:15  Overlord  
  55  8:17  Broodling Gestation  
  55  8:28  Stukov Infantry Weapons Level 1  
  55  8:36  Infested Factory  
  55  8:47  Infested Missile Turret  
  50  9:59  Infested Factory Tech Lab  
  50  10:01  Infested Armory  
  50  10:41  Infested Bunker  
  50  10:48  Overlord  
  50  10:49  Infested SCV x3  
  57  10:50  Overlord  
  57  10:57  Overseer x4  
  57  10:58  Overseer x2  
  57  11:08  Stukov Infantry Armor Level 1  
  57  11:10  Infestation Level 3  
  57  11:30  Infested Missile Turret  
  57  11:39  Infested Siege Tank  
  60  11:43  Overlord x2  
  60  11:52  Infested SCV  
  60  11:54  Infested SCV  
  62  12:24  Infested Bunker  
  74  12:45  Infested Siege Tank x2  
  74  12:46  Infested Siege Tank x2  
  79  13:00  Overseer  
  86  13:03  Overlord x4  
  86  13:17  Infested Bunker  
  79  13:48  Regenerative Plating  
  79  14:47  Infested Bunker  
  79  14:48  Stukov Infantry Armor Level 2  
  87  14:56  Overlord x4  
  87  14:57  Aggressive Incubation  
  87  15:25  Overseer  
  87  15:26  Overseer x4  
  87  15:36  Infested Bunker  
  87  15:38  Stukov Vehicle and Ship Armor Level 1  
  87  16:39  Infested Siege Tank x2  
  93  16:40  Infested Siege Tank x2  
  107  17:55  Infested Bunker  
  107  17:58  Calcified Armor  
  115  18:21  Infested Bunker  
  115  18:43  Stukov Vehicle and Ship Armor Level 2  
  115  18:44  Infested Bunker  
  115  18:49  Automated Mitosis  
  115  18:58  Stukov Infantry Weapons Level 2  
  115  19:10  Infested Bunker  
  115  19:49  Acidic Enzymes  
  115  19:51  Overlord x3  
  115  19:52  Overlord x2  
  115  20:06  Infested Missile Turret  
  119  20:33  Infested Bunker  
  119  20:52  Infested Siege Tank x4  
  119  20:53  Infested Siege Tank  
  134  21:53  Stukov Vehicle and Ship Weapons Level 1  
  134  22:08  Stukov Infantry Armor Level 3  
  134  22:29  Infested Bunker  
  142  23:07  Infested Bunker  
  154  23:18  Infested Bunker  
  154  23:55  Infested Bunker  
  154  24:33  Stukov Vehicle and Ship Armor Level 3  
  154  24:43  Infested Bunker  
  154  25:13  Infested Siege Tank x2  
  154  25:14  Infested Siege Tank x3  
  169  25:31  Infested Missile Turret  
  169  25:48  Stukov Infantry Weapons Level 3  
  169  26:23  Infested Bunker  
  173  27:17  Infested Bunker  
  181  28:05  Infested Bunker  
  181  28:13  Stukov Vehicle and Ship Weapons Level 2  
  160  31:39  Infested Barracks  
  160  31:59  Infested SCV x5  
  165  32:50  Infested Bunker  
  165  32:55  Infested Bunker  
  165  32:56  Infested Siege Tank x5  
Show
View Real Time Build Order
Export as new Build Order

wasp Protoss 

Build Orders:  

Get SALT Encoding   

  12  0:08  Probe (Chrono Boost)  
  13  0:23  Pylon  
  13  0:39  Probe (Chrono Boost)  
  13  0:40  Pylon  
  14  0:53  Probe (Chrono Boost)  
  15  1:08  Gateway  
  15  1:25  Gateway  
  15  1:37  Pylon  
  15  2:00  Probe (Chrono Boost)  
  16  2:13  Probe (Chrono Boost)  
  17  2:27  Probe (Chrono Boost)  
  18  2:40  Probe (Chrono Boost)  
  18  2:44  Zealot  
  18  2:45  Zealot  
  18  2:46  Zealot  
  25  2:54  Probe (Chrono Boost)  
  26  3:07  Probe (Chrono Boost)  
  27  3:12  Assimilator  
  27  3:17  Assimilator  
  27  3:20  Assimilator  
  27  3:21  Probe (Chrono Boost), Zealot  
  27  3:23  Zealot  
  32  3:32  Zealot  
  32  3:34  Probe (Chrono Boost)  
  35  3:43  Zealot  
  35  3:48  Probe (Chrono Boost)  
  38  4:01  Probe (Chrono Boost)  
  39  4:14  Gateway  
  39  4:15  Probe (Chrono Boost)  
  39  4:18  Gateway  
  40  4:28  Probe (Chrono Boost)  
  40  4:29  Zealot  
  43  4:30  Zealot  
  45  4:42  Probe (Chrono Boost)  
  46  4:55  Probe (Chrono Boost)  
  31  5:37  Zealot  
  31  5:38  Zealot x3  
  31  5:39  Zealot x2  
  41  5:40  Zealot x2  
  39  6:24  Probe (Chrono Boost)  
  34  6:38  Probe (Chrono Boost)  
  31  6:53  Probe (Chrono Boost)  
  32  7:06  Probe (Chrono Boost)  
  33  7:20  Probe (Chrono Boost)  
  34  7:33  Probe (Chrono Boost)  
  35  7:43  Zealot x4  
  35  7:44  Zealot x3  
  35  7:45  Zealot x2  
  35  7:46  Zealot x2  
  35  7:47  Probe (Chrono Boost), Zealot  
  60  8:00  Probe (Chrono Boost)  
  61  8:13  Zealot  
  61  8:15  Zealot  
  61  8:16  Zealot  
  61  8:17  Zealot  
  69  9:26  Probe (Chrono Boost)  
  70  9:39  Probe (Chrono Boost)  
  71  10:12  Probe (Chrono Boost)  
  72  10:44  Forge  
  72  10:47  Cybernetics Core  
  72  10:55  Pylon  
  72  11:04  Pylon  
  72  11:08  Pylon  
  72  11:12  Pylon  
  72  11:18  Pylon  
  72  11:23  Pylon  
  72  11:29  Protoss Ground Weapons Level 1  
  72  11:54  Twilight Council  
  72  12:13  Pylon  
  72  12:15  Pylon  
  72  12:22  Pylon  
  72  12:52  Dragoon x5  
  72  12:53  Dragoon x2  
  72  12:54  Dragoon x3  
  72  12:55  Dragoon x2  
  90  13:36  Protoss Ground Armor Level 1  
  88  14:00  Templar Archives  
  84  14:45  Photon Cannon  
  84  14:47  Photon Cannon  
  64  14:52  Photon Cannon x2  
  64  14:56  Photon Cannon  
  64  14:57  Photon Cannon  
  56  15:01  Photon Cannon  
  56  15:03  Photon Cannon  
  56  15:05  Photon Cannon  
  48  15:11  Photon Cannon  
  48  15:17  Photon Cannon  
  40  15:40  Pylon  
  40  15:42  Pylon  
  40  15:44  Protoss Shields Level 1  
  40  16:39  High Templar  
  42  16:40  High Templar  
  42  16:41  High Templar  
  42  16:42  High Templar  
  42  16:44  High Templar x2  
  42  16:45  High Templar  
  42  16:46  High Templar  
  42  16:48  High Templar  
  42  16:49  High Templar  
  60  16:50  High Templar  
  62  17:09  High Templar  
  64  17:16  Archon x3  
  64  17:17  Archon x3  
  64  17:45  Protoss Ground Weapons Level 2  
  64  18:59  Photon Cannon x2  
  64  19:01  Photon Cannon  
  64  19:30  Photon Cannon  
  64  19:32  Photon Cannon  
  64  19:33  Photon Cannon  
  64  19:38  Photon Cannon  
  64  19:40  Photon Cannon  
  64  19:45  Photon Cannon  
  64  20:21  High Templar  
  64  20:22  High Templar  
  64  20:23  High Templar  
  64  20:24  High Templar  
  64  20:25  High Templar  
  64  20:26  High Templar  
  64  20:28  High Templar  
  66  20:36  High Templar  
  64  20:40  Archon x2  
  64  20:41  Archon  
  64  20:42  Archon  
  52  21:51  Protoss Ground Weapons Level 3  
  40  22:21  Dragoon x2  
  40  22:22  Dragoon x2  
  40  22:23  Dragoon x3  
  40  22:24  Dragoon x3  
  60  23:54  Robotics Facility  
  60  23:57  Robotics Facility  
  60  24:23  Stargate  
  60  24:38  High Templar  
  62  24:53  High Templar, Protoss Ground Armor Level 2  
  64  25:02  Zealot x4  
  64  25:03  Zealot x2  
  64  25:04  Zealot x2  
  64  25:05  Zealot x2  
  84  25:22  Archon  
  40  28:04  Immortal  
  40  28:05  Immortal  
  40  28:07  Immortal x2  
  56  28:11  Immortal  
  56  28:12  Immortal  
  64  28:54  Immortal  
  64  28:55  Immortal  
  64  30:05  Phoenix  
  64  30:06  Phoenix x2  
  70  30:14  High Templar  
  70  30:15  High Templar  
  70  30:16  High Templar x2  
  70  30:17  High Templar  
  80  30:38  High Templar  
  82  30:43  Archon  
  82  30:44  Archon  
  82  30:45  Archon  
  82  30:57  Immortal  
  86  31:12  Immortal  
  82  33:02  Immortal x2  
  82  33:03  Immortal x3  
  82  33:04  Immortal  
Tags
 
Commander
ArtanisStukov
Matchup
Co-op
Replay Pack
Multiplayer
Add a new tag
Caveats
  • Supply blocks, unpowered buildings, or Contaminate may cause inaccurate times.
  • Supply counts are checked every 10 seconds.